 Dungeon Crawl Stone Soup version 0.21.0-3-g78d12a8 (webtiles) character file.

166 Faca the Shield-Bearer (level 5, 0/42 HPs)
             Began as a Formicid Fighter on Jan 11, 2018.
             Killed from afar by tself55's ghost (10 damage)
             ... with a puff of frost
             ... on level 4 of the Dungeon.
             The game lasted 00:04:13 (3243 turns).

Faca the Shield-Bearer (Formicid Fighter)           Turns: 3243, Time: 00:04:14

Health: 0/42       AC:  6    Str: 21      XL:     5   Next: 76%
Magic:  5/5        EV: 10    Int:  6 (7)  God:
Gold:   112        SH:  9    Dex: 11      Spells: 4/4 levels left

rFire    . . .     SeeInvis +   a - +0 war axe
rCold    . . .     Gourm    .   c - +0 shield
rNeg     . . .     Faith    .   b - +0 scale mail
rPois    .         Spirit   .   (helmet unavailable)
rElec    .         Reflect  .   (no cloak)
rCorr    .         Harm     .   (no gloves)
MR       .....                  (no boots)
Stlth    ..........             (no amulet)
HPRegen  0.14/turn              g - +2 ring of evasion
MPRegen  0.09/turn              (no ring)

@: drained
A: permanent stasis, dig shafts and tunnels, four strong arms, antennae 3
a: Dig, Shaft Self


You were on level 4 of the Dungeon.
You were not hungry.

You visited 1 branch of the dungeon, and saw 4 of its levels.

You collected 112 gold pieces.

Inventory:

Hand Weapons
 a - a +0 war axe (weapon)
Armour
 b - a +0 scale mail (worn)
 c - a +0 shield (worn)
Jewellery
 g - a +2 ring of evasion (left hand)
Scrolls
 e - 2 scrolls of identify {unknown}
 h - 2 scrolls of enchant armour {unknown}
 i - 3 scrolls of teleportation {unknown}
 l - a scroll of remove curse {unknown}
Potions
 d - a potion of might
 j - a potion of curing {unknown}
 k - a potion of magic
 m - a potion of ambrosia {unknown}
Comestibles
 f - 2 rations


   Skills:
 + Level 4.1(3.4) Fighting
 * Level 3.7(3.0) Axes
 + Level 4.1(3.4) Armour
 + Level 4.5(3.8) Shields


You had 4 spell levels left.
You didn't know any spells.

Dungeon Overview and Level Annotations

Branches:
Dungeon (4/15)
 Temple: D:4-7

Altars:
Elyvilon
Gozag
Hepliaklqana

Annotations:
D:4 tself55's ghost, amateur OgIE


Innate Abilities, Weirdness & Mutations

You cannot be hasted, slowed, berserked, paralysed or teleported.
You can dig through walls and to a lower floor.
Your four strong arms can wield two-handed weapons with a shield.
You have a pair of large antennae on your head. (SInv)


Message History

The hound zombie is severely damaged.
You hit the iguana. You block the iguana's attack.
You block the hound zombie's attack.
The iguana bites you but does no damage.
The hound zombie bites you but does no damage.
You slash the hound zombie!
You destroy the hound zombie!
You feel your dexterity returning.
You hit the iguana but do no damage. The iguana bites you.
Tself55's ghost hits you.
You closely miss tself55's ghost. You hit the iguana.
You block the iguana's attack. You block tself55's ghost's attack.
The iguana bites you!
* * * LOW HITPOINT WARNING * * *
You closely miss tself55's ghost. You hit the iguana.
You kill the iguana!
You feel your strength returning.
Tself55's ghost points at you and mumbles some strange words.
The puff of frost hits you!
You die...

## ... ....
.....
.>..(.###
#...<### #
####...#
..#
###.##..)..
#@W......
#††......
.........
..........
#..........
#.......#..
##.....##..
.......


You could see tself55's ghost.

Vanquished Creatures
  An orc wizard (D:3)
  An iguana (D:4)
  A hound zombie (D:4)
  3 adders (D:2)
  An ooze (D:3)
  2 worms
  A leopard gecko (D:3)
  4 orcs (D:3)
  3 giant cockroaches
  7 goblins
  5 hobgoblins
  3 jackals (D:1)
  A quokka (D:3)
  A ball python (D:1)
  6 bats
  6 frilled lizards
  9 kobolds
  2 rats (D:2)
57 creatures vanquished.

Notes
Turn   | Place    | Note
-------+----------+-------------------------------------------
     0 | D:1      | Faca the Formicid Fighter began the quest for the Orb.
     0 | D:1      | Reached XP level 1. HP: 18/18 MP: 1/1
    63 | D:1      | Reached XP level 2. HP: 23/24 MP: 2/2
   470 | D:1      | Reached XP level 3. HP: 22/29 MP: 3/3
  1291 | D:2      | Reached XP level 4. HP: 12/37 MP: 4/4
  1864 | D:2      | Found a hazy altar of Hepliaklqana.
  1871 | D:2      | Found an opulent altar of Gozag.
  1884 | D:2      | Found a white marble altar of Elyvilon.
  3056 | D:3      | Reached XP level 5. HP: 42/42 MP: 5/5
  3234 | D:4      | Noticed tself55's ghost (amateur OgIE)
  3243 | D:4      | Killed from afar by tself55's ghost

Skill      XL: |  1  2  3  4 |
---------------+-------------+-----
Shields        | 4 |  4.5
Axes           | 3 |  3.7
Fighting       | 4 |  4.1
Armour         | 4 |  4.1

Action                   |  1- 3 |  4- 6 || total
-------------------------+-------+-------++-------
Melee: War axe           |   100 |   122 ||   222
  Use: Potion            |       |     2 ||     2
  Eat: Chunk             |     1 |       ||     1
       Ration            |       |     2 ||     2
Armor: Scale mail        |    36 |    48 ||    84
Dodge: Dodged            |    47 |    43 ||    90
Block: Shield            |    68 |    70 ||   138
